Capitals vs Devils

Created - February 4, 2020 at 19:10

Goals
1 2 3 T
Capitals 2 1 0 3
Devils 2 0 2 4
Shots
1 2 3 T
Capitals 12 14 7 33
Devils 18 5 8 31

1st period

1. Capitals , Blake Wheeler 8 (Jeff Skinner 8, Mikko Koivu 3) at 3:32
2. Capitals , Ryan Getzlaf 7 (Joe Pavelski 16) at 6:31
3. Devils , Johnny Gaudreau 26 (Tyler Seguin 20) at 8:24
4. Devils , Johnny Gaudreau 27 (Tyler Seguin 21) at 15:33

Penalties :
Kevin Porter (NJD) for Holding (Minor) at 1:08, Josh Manson (Was) for Charging (Minor) at 3:53

2nd period

5. Capitals , Brent Burns 3 (Brent Seabrook 16, Blake Wheeler 8) at 2:12

Penalties :
Johnny Gaudreau (NJD) for Tripping (Minor) at 10:45, Mikko Koivu (Was) for Roughing (Minor) at 14:09

3rd period

6. Devils , Johnny Gaudreau 28 (Tyler Seguin 22) at 2:22
7. Devils , Tyler Seguin 19 (Brady Skjei 13, Shea Weber 17) at 8:44 (PP)

Penalties :
Ladislav Smid (NJD) for Delaying the game (Minor) at 5:38, Ondrej Palat (Was) for Roughing (Minor) at 8:28, Brent Burns (Was) for Elbowing (Minor) at 9:04

Goalie Stats

Tuukka Rask (Was), 27 saves from 31 shots - (0.871), L, 10-11-3, 59:15 minutes
John Gibson (NJD), 30 saves from 33 shots - (0.909), W, 16-18-1, 60:00 minutes

Players Stats for Capitals

Player Name              G  A  P  +/- PIM S  H  SB GA TA FO     MP     PP MP  PK MP  
------------------------------------------------------------------------------------
Blake Wheeler            1  1  2   1  0   5  1  0  0  0  1/1    12:37   0:35   0:00 
Brent Burns              1  0  1   0  2   3  1  1  0  1  0/0    27:28   3:34   2:12 
Brent Seabrook           0  1  1   0  0   1  3  0  0  2  0/0    28:38   3:34   3:26 
Brian McGrattan          0  0  0   0  0   0  0  0  0  0  0/0     4:15   0:19   0:00 
Eric Fehr                0  0  0   0  0   0  0  0  0  0  0/0     2:21   0:39   0:00 
Jason Pominville         0  0  0  -1  0   2  2  1  1  1  0/0    21:58   2:56   3:07 
Jeff Skinner             0  1  1   1  0   2  0  0  0  0  0/1    12:06   0:06   0:00 
Joe Pavelski             0  1  1   0  0   1  0  0  0  0  1/2    19:29   2:16   1:39 
Joe Thornton             0  0  0  -1  0   4  0  1  1  2  18/35  25:45   3:16   3:13 
Josh Manson              0  0  0  -2  2   1  0  3  0  0  0/0    11:11   0:00   1:14 
Justin Faulk             0  0  0   2  0   2  0  1  1  1  0/0    21:26   2:23   2:47 
Mikko Koivu              0  1  1   1  2   1  0  0  0  0  6/10   13:18   0:00   0:55 
Nick Leddy               0  0  0  -2  0   1  0  0  0  1  0/0     9:56   0:00   0:00 
Ondrej Palat             0  0  0   0  2   0  3  0  0  0  2/2    18:51   2:16   1:23 
Ryan Getzlaf             1  0  1   0  0   2  0  0  1  0  7/12   17:50   2:16   0:00 
Ryan Nugent-Hopkins      0  0  0   0  0   0  0  0  0  0  0/1     4:34   0:06   0:30 
Ryan Suter               0  0  0   2  0   1  0  0  0  0  0/0    21:26   2:23   2:47 
Thomas Vanek             0  0  0  -1  0   7  0  1  1  3  0/1    20:34   3:06   1:39 

Players Stats for Devils

Player Name              G  A  P  +/- PIM S  H  SB GA TA FO     MP     PP MP  PK MP  
------------------------------------------------------------------------------------
Anthony Stewart          0  0  0  -1  0   1  2  1  1  0  0/0     8:53   2:36   0:00 
Brady Skjei              0  1  1  -1  0   1  0  3  4  2  0/0    22:51   3:27   0:00 
Gabriel Landeskog        0  0  0  -1  0   2  1  0  0  0  0/0    13:45   0:00   0:51 
Johnny Gaudreau          3  0  3   2  2   9  1  2  2  1  1/1    23:07   3:37   1:18 
Jordan Caron             0  0  0   0  0   0  1  0  0  0  0/0    10:58   0:00   0:00 
Kellan Lain              0  0  0   0  0   0  0  0  1  0  0/0    15:12   2:36   2:05 
Kevin Porter             0  0  0   0  2   2  1  0  0  0  2/8    11:56   0:00   1:15 
Ladislav Smid            0  0  0  -1  2   0  1  0  0  0  0/0    12:17   0:00   1:28 
Marian Hossa             0  0  0  -1  0   3  1  0  0  0  0/1    17:11   3:37   0:00 
Pernell Karl Subban      0  0  0   2  0   1  0  0  0  0  0/0    20:00   2:46   1:02 
Rostislav Olesz          0  0  0  -1  0   0  1  0  0  0  0/0     6:17   0:00   0:00 
Ryan Johansen            0  0  0  -1  0   3  2  0  1  0  6/14   18:15   2:36   3:01 
Shea Weber               0  1  1   2  0   1  3  2  0  1  0/0    22:06   3:27   3:27 
Tobias Enstrom           0  0  0  -1  0   4  1  2  1  0  0/0    17:33   2:46   2:30 
Travis Hamonic           0  0  0  -1  0   0  2  2  0  0  0/0    25:17   0:00   3:27 
Tyler Bozak              0  0  0  -1  0   1  0  0  0  0  0/2     6:58   0:00   0:41 
Tyler Seguin             1  3  4   2  0   3  0  0  0  1  21/37  24:28   3:37   2:43 
Viktor Arvidsson         0  0  0   2  0   0  1  0  1  0  0/2    16:56   0:00   0:00 

3 Stars

1 - Johnny Gaudreau (NJD)
2 - Tyler Seguin (NJD)
3 - Blake Wheeler (Was)

Power Play

Capitals - 0 on 3 Attempt(s) - 0.00%
Devils - 1 on 4 Attempt(s) - 25.00%

Penalty Kill

Capitals - 3 on 4 Attempt(s) - 75.00% - Score 0 goal in Penalty Kill
Devils - 3 on 3 Attempt(s) - 100.00% - Score 0 goal in Penalty Kill

Team Stat

Capitals - Hits : 10 - Faceoff Wins : 35 - Blocked Shots : 8 - Penalty Minutes : 8
Devils - Hits : 18 - Faceoff Wins : 30 - Blocked Shots : 12 - Penalty Minutes : 6

Official

Referees : Unknown
Linesman : Unknown

Game Notes

Johnny Gaudreau has scored a Hat Trick!
8:44 of 3rd period - Devils goal is going for a video replay. After video review, Goal.

Finance

Level 1 -- Attendance: 5211 (86.85%) -- Ticket Income $573,210
Level 2 -- Attendance: 4126 (82.52%) -- Ticket Income $288,820
Level 3 -- Attendance: 1488 (74.40%) -- Ticket Income $68,448
Level 4 -- Attendance: 3383 (84.58%) -- Ticket Income $101,490
Luxury Box -- Attendance: 991 (99.10%) -- Ticket Income $178,380
Game was played at the The prudential Center.
Total Attendance: 15199 (84.44%)
Total Ticket Income: $1,210,348
Other Income: $181,552
Total Income: $1,391,900

Capitals

5 vs 5 Forward 
   Center                   Left Wing                Right Wing               Time % Phy DF OF 
 1 Joe Thornton             Thomas Vanek             Jason Pominville         40     1   2  2  
 2 Ryan Getzlaf             Ondrej Palat             Joe Pavelski             30     1   2  2  
 3 Mikko Koivu              Jeff Skinner             Blake Wheeler            20     1   2  2  
 4 Ryan Nugent-Hopkins      Joe Thornton             Brian McGrattan          10     1   2  2  

5 vs 5 Defense 
   Defense                  Defense                                           Time % Phy DF OF 
 1 Brent Seabrook           Brent Burns                                       40     1   2  2  
 2 Ryan Suter               Justin Faulk                                      30     1   2  2  
 3 Nick Leddy               Josh Manson                                       20     1   2  2  
 4 Brent Seabrook           Brent Burns                                       10     1   2  2  

PowerPlay Forward 
   Center                   Left Wing                Right Wing               Time % Phy DF OF 
 1 Joe Thornton             Thomas Vanek             Jason Pominville         60     1   2  2  
 2 Ryan Getzlaf             Ondrej Palat             Joe Pavelski             40     1   2  2  

PowerPlay Defense
   Defense                  Defense                                           Time % Phy DF OF 
 1 Brent Seabrook           Brent Burns                                       60     1   2  2  
 2 Ryan Suter               Justin Faulk                                      40     1   2  2  

Penalty Kill 4 Players Forward 
   Center                   Wing                     Time % Phy DF OF 
 1 Joe Thornton             Jason Pominville         60     1   2  2  
 2 Joe Pavelski             Thomas Vanek             40     1   2  2  

Penalty Kill 4 Players Defense
   Defense                  Defense                  Time % Phy DF OF 
 1 Brent Seabrook           Brent Burns              60     1   2  2  
 2 Ryan Suter               Justin Faulk             40     1   2  2  

Penalty Kill - 3 Players Forward 
   Forward                                           Time % Phy DF OF 
 1 Joe Thornton                                      60     1   2  2  
 2 Jason Pominville                                  40     1   2  2  

Penalty Kill - 3 Players Defense
   Defense                  Defense                  Time % Phy DF OF 
 1 Brent Seabrook           Brent Burns              60     1   2  2  
 2 Ryan Suter               Justin Faulk             40     1   2  2  

4 vs 4 Forward 
   Center                   Wing                     Time % Phy DF OF 
 1 Joe Thornton             Jason Pominville         60     1   2  2  
 2 Joe Pavelski             Thomas Vanek             40     1   2  2  

4 vs 4 Defense
   Defense                  Defense                  Time % Phy DF OF 
 1 Brent Seabrook           Brent Burns              60     1   2  2  
 2 Ryan Suter               Justin Faulk             40     1   2  2  

Last Minutes Offensive
   Center                   Left Wing                Right Wing               Defense                  Defense                  
   Joe Thornton             Thomas Vanek             Jason Pominville         Brent Seabrook           Brent Burns              

Last Minutes Defensive
   Center                   Left Wing                Right Wing               Defense                  Defense                  
   Joe Thornton             Thomas Vanek             Jason Pominville         Brent Seabrook           Brent Burns              

Goaltenders
Starting : Tuukka Rask              
Backup : Mike Smith               

Extra Forwards
Normal : Eric Fehr, Blake Wheeler, Mikko Koivu - PP : Eric Fehr, Blake Wheeler - PK : Mikko Koivu
Extra Defensemen
Normal : Nick Leddy, Josh Manson, Ryan Suter - PP : Nick Leddy - PK : Josh Manson, Ryan Suter
Penalty Shots
Joe Thornton, Jason Pominville, Joe Pavelski, Thomas Vanek, Blake Wheeler

Scratches
Patrick Sharp (Left Leg Injury)

Devils

5 vs 5 Forward 
   Center                   Left Wing                Right Wing               Time % Phy DF OF 
 1 Tyler Seguin             Johnny Gaudreau          Viktor Arvidsson         40     1   2  2  
 2 Ryan Johansen            Gabriel Landeskog        Marian Hossa             30     1   2  2  
 3 Kevin Porter             Kellan Lain              Jordan Caron             20     1   2  2  
 4 Tyler Bozak              Rostislav Olesz          Anthony Stewart          10     1   2  2  

5 vs 5 Defense 
   Defense                  Defense                                           Time % Phy DF OF 
 1 Travis Hamonic           Brady Skjei                                       40     1   2  2  
 2 Shea Weber               Pernell Karl Subban                               30     1   2  2  
 3 Ladislav Smid            Tobias Enstrom                                    20     1   2  2  
 4 Travis Hamonic           Tobias Enstrom                                    10     1   2  2  

PowerPlay Forward 
   Center                   Left Wing                Right Wing               Time % Phy DF OF 
 1 Tyler Seguin             Johnny Gaudreau          Marian Hossa             60     1   2  2  
 2 Ryan Johansen            Kellan Lain              Anthony Stewart          40     1   2  2  

PowerPlay Defense
   Defense                  Defense                                           Time % Phy DF OF 
 1 Shea Weber               Brady Skjei                                       60     1   2  2  
 2 Tobias Enstrom           Pernell Karl Subban                               40     1   2  2  

Penalty Kill 4 Players Forward 
   Center                   Wing                     Time % Phy DF OF 
 1 Tyler Seguin             Ryan Johansen            60     1   2  2  
 2 Johnny Gaudreau          Kellan Lain              40     1   2  2  

Penalty Kill 4 Players Defense
   Defense                  Defense                  Time % Phy DF OF 
 1 Travis Hamonic           Shea Weber               60     1   2  2  
 2 Tobias Enstrom           Ladislav Smid            40     1   2  2  

Penalty Kill - 3 Players Forward 
   Forward                                           Time % Phy DF OF 
 1 Tyler Seguin                                      60     1   2  2  
 2 Ryan Johansen                                     40     1   2  2  

Penalty Kill - 3 Players Defense
   Defense                  Defense                  Time % Phy DF OF 
 1 Travis Hamonic           Shea Weber               60     1   2  2  
 2 Tobias Enstrom           Ladislav Smid            40     1   2  2  

4 vs 4 Forward 
   Center                   Wing                     Time % Phy DF OF 
 1 Tyler Seguin             Ryan Johansen            60     1   2  2  
 2 Johnny Gaudreau          Kellan Lain              40     1   2  2  

4 vs 4 Defense
   Defense                  Defense                  Time % Phy DF OF 
 1 Travis Hamonic           Shea Weber               60     1   2  2  
 2 Tobias Enstrom           Brady Skjei              40     1   2  2  

Last Minutes Offensive
   Center                   Left Wing                Right Wing               Defense                  Defense                  
   Tyler Seguin             Johnny Gaudreau          Marian Hossa             Travis Hamonic           Shea Weber               

Last Minutes Defensive
   Center                   Left Wing                Right Wing               Defense                  Defense                  
   Tyler Seguin             Johnny Gaudreau          Marian Hossa             Travis Hamonic           Shea Weber               

Goaltenders
Starting : John Gibson              
Backup : Keith Kinkaid            

Extra Forwards
Normal : Gabriel Landeskog, Rostislav Olesz, Kevin Porter - PP : Gabriel Landeskog, Rostislav Olesz - PK : Kevin Porter
Extra Defensemen
Normal : Brady Skjei, Pernell Karl Subban, Tobias Enstrom - PP : Brady Skjei - PK : Pernell Karl Subban, Tobias Enstrom
Penalty Shots
Tyler Seguin, Ryan Johansen, Johnny Gaudreau, Viktor Arvidsson, Gabriel Landeskog

Scratches
Brandon Burlon (Healthy)

% Time on Ice - Capitals

Lines # - Real PCT - Wanted PCT - Time Play
Normal Forward
1 - 33% - 40% - 15:11
2 - 33% - 30% - 15:34
3 - 26% - 20% - 12:00
4 - 8% - 10% - 3:56
Normal Defense
1 - 41% - 40% - 19:09
2 - 32% - 30% - 15:09
3 - 21% - 20% - 9:56
4 - 5% - 10% - 2:27
PP Forward
1 - 62% - 60% - 3:41
2 - 38% - 40% - 2:16
PP Defense
1 - 60% - 60% - 3:34
2 - 40% - 40% - 2:23
PK Forward
1 - 73% - 60% - 4:34
2 - 27% - 40% - 1:39
PK Defense
1 - 55% - 60% - 3:26
2 - 45% - 40% - 2:47
PK3 Forward
1 - 0% - 60%
2 - 0% - 40%
PK3 Defense
1 - 0% - 60%
2 - 0% - 40%
44 Forward
1 - 0% - 60%
2 - 0% - 40%
44 Defense
1 - 0% - 60%
2 - 0% - 40%
Last Minute Offensive  - 1:09
Last Minute Defensive  - 0:00
Total
Forward - 60:00
Defense - 60:00

% Time on Ice - Devils

Lines # - Real PCT - Wanted PCT - Time Play
Normal Forward
1 - 36% - 40% - 17:00
2 - 27% - 30% - 12:43
3 - 23% - 20% - 10:42
4 - 13% - 10% - 6:17
Normal Defense
1 - 43% - 40% - 19:54
2 - 31% - 30% - 14:25
3 - 20% - 20% - 9:24
4 - 6% - 10% - 2:59
PP Forward
1 - 58% - 60% - 3:37
2 - 42% - 40% - 2:36
PP Defense
1 - 55% - 60% - 3:27
2 - 45% - 40% - 2:46
PK Forward
1 - 65% - 60% - 3:52
2 - 35% - 40% - 2:05
PK Defense
1 - 58% - 60% - 3:27
2 - 42% - 40% - 2:30
PK3 Forward
1 - 0% - 60%
2 - 0% - 40%
PK3 Defense
1 - 0% - 60%
2 - 0% - 40%
44 Forward
1 - 0% - 60%
2 - 0% - 40%
44 Defense
1 - 0% - 60%
2 - 0% - 40%
Last Minute Offensive  - 0:00
Last Minute Defensive  - 1:08
Total
Forward - 60:00
Defense - 60:00

Play-by-Play

1st period


0:01 of 1st period - Tyler Seguin wins face-off versus Thomas Vanek in neutral zone.
0:06 of 1st period - Icing by Jason Pominville.
0:07 of 1st period - Joe Thornton wins face-off versus Tyler Seguin in Capitals zone.
0:16 of 1st period - Brent Burns is hit by Johnny Gaudreau and loses puck.
0:43 of 1st period - Slapshot by Brent Burns.
0:43 of 1st period - Shot Blocked by Brady Skjei.
1:08 of 1st period - Minor Penalty to Kevin Porter for Holding.
1:09 of 1st period - Joe Thornton wins face-off versus Tyler Seguin in Devils zone.
3:08 of 1st period - Penalty to Kevin Porter is over, Kevin Porter is back on ice.
3:24 of 1st period - Snap shot by Jeff Skinner.
3:24 of 1st period - Shot Blocked by Tobias Enstrom.
3:26 of 1st period - Snap shot by Blake Wheeler.
3:26 of 1st period - Stopped by John Gibson without a rebound.
3:27 of 1st period - Mikko Koivu wins face-off versus Tyler Seguin in Devils zone.
3:32 of 1st period - Snap shot by Blake Wheeler.
3:32 of 1st period - Goal by Blake Wheeler - Capitals : 1 - Devils : 0.
3:33 of 1st period - Joe Thornton wins face-off versus Tyler Seguin in neutral zone.
3:42 of 1st period - Slapshot by Tyler Seguin.
3:42 of 1st period - Stopped by Tuukka Rask with a rebound.
3:44 of 1st period - Snap shot by Johnny Gaudreau.
3:44 of 1st period - Shot Misses the Net.
3:46 of 1st period - Snap shot by Tyler Seguin.
3:46 of 1st period - Stopped by Tuukka Rask with a rebound.
3:48 of 1st period - Slapshot by Tobias Enstrom.
3:48 of 1st period - Shot Misses the Net.
3:50 of 1st period - Slapshot by Tobias Enstrom.
3:50 of 1st period - Stopped by Tuukka Rask without a rebound.
3:51 of 1st period - Ryan Getzlaf wins face-off versus Ryan Johansen in Capitals zone.
3:53 of 1st period - Minor Penalty to Josh Manson for Charging.
3:54 of 1st period - Joe Thornton wins face-off versus Tyler Seguin in Capitals zone.
4:06 of 1st period - Wrist shot by Joe Thornton.
4:06 of 1st period - Stopped by John Gibson with a rebound.
4:30 of 1st period - Jason Pominville is hit by Ryan Johansen and loses puck.
5:53 of 1st period - Penalty to Josh Manson is over, Josh Manson is back on ice.
6:00 of 1st period - Joe Thornton is hit by Anthony Stewart and loses puck.
6:15 of 1st period - Wrist shot by Joe Thornton.
6:15 of 1st period - Stopped by John Gibson without a rebound.
6:16 of 1st period - Ryan Getzlaf wins face-off versus Tyler Bozak in Devils zone.
6:29 of 1st period - Snap shot by Joe Pavelski.
6:29 of 1st period - Shot Blocked by Anthony Stewart.
6:31 of 1st period - Snap shot by Ryan Getzlaf.
6:31 of 1st period - Goal by Ryan Getzlaf - Capitals : 2 - Devils : 0.
6:32 of 1st period - Ryan Getzlaf wins face-off versus Tyler Seguin in neutral zone.
7:31 of 1st period - Slapshot by Thomas Vanek.
7:31 of 1st period - Stopped by John Gibson with a rebound.
7:55 of 1st period - Travis Hamonic is hit by Brent Seabrook and loses puck.
8:12 of 1st period - Snap shot by Johnny Gaudreau.
8:12 of 1st period - Stopped by Tuukka Rask with a rebound.
8:14 of 1st period - Wrist shot by Johnny Gaudreau.
8:14 of 1st period - Stopped by Tuukka Rask without a rebound.
8:15 of 1st period - Tyler Seguin wins face-off versus Mikko Koivu in Capitals zone.
8:18 of 1st period - Slapshot by Johnny Gaudreau.
8:18 of 1st period - Stopped by Tuukka Rask without a rebound.
8:19 of 1st period - Tyler Seguin wins face-off versus Jeff Skinner in Capitals zone.
8:20 of 1st period - Wrist shot by Johnny Gaudreau.
8:20 of 1st period - Shot Blocked by Josh Manson.
8:22 of 1st period - Snap shot by Johnny Gaudreau.
8:22 of 1st period - Shot Misses the Net.
8:24 of 1st period - Snap shot by Johnny Gaudreau.
8:24 of 1st period - Goal by Johnny Gaudreau - Capitals : 2 - Devils : 1.
8:25 of 1st period - Johnny Gaudreau wins face-off versus Joe Thornton in neutral zone.
8:52 of 1st period - Brent Seabrook is hit by Shea Weber and loses puck.
8:57 of 1st period - Snap shot by Ryan Johansen.
8:57 of 1st period - Stopped by Tuukka Rask without a rebound.
8:58 of 1st period - Ondrej Palat wins face-off versus Ryan Johansen in Capitals zone.
9:13 of 1st period - Slapshot by Tobias Enstrom.
9:13 of 1st period - Shot Misses the Net.
9:15 of 1st period - Wrist shot by Ladislav Smid.
9:15 of 1st period - Deflect By Marian Hossa.
9:15 of 1st period - Shot Misses the Net.
9:15 of 1st period - Puck is out of play.
9:16 of 1st period - Joe Thornton wins face-off versus Tyler Seguin in Capitals zone.
9:45 of 1st period - Icing by Nick Leddy.
9:46 of 1st period - Joe Thornton wins face-off versus Kevin Porter in Capitals zone.
10:09 of 1st period - Joe Thornton is hit by Travis Hamonic and loses puck.
10:32 of 1st period - Wrist shot by Thomas Vanek.
10:32 of 1st period - Stopped by John Gibson with a rebound.
10:46 of 1st period - Wrist shot by Joe Thornton.
10:46 of 1st period - Shot Blocked by Brady Skjei.
10:52 of 1st period - Snap shot by Jason Pominville.
10:52 of 1st period - Stopped by John Gibson without a rebound.
10:53 of 1st period - Tyler Seguin wins face-off versus Ryan Getzlaf in Devils zone.
11:20 of 1st period - Blake Wheeler is hit by Gabriel Landeskog and loses puck.
11:31 of 1st period - Slapshot by Marian Hossa.
11:31 of 1st period - Stopped by Tuukka Rask with a rebound.
11:49 of 1st period - Wrist shot by Anthony Stewart.
11:49 of 1st period - Stopped by Tuukka Rask without a rebound.
11:50 of 1st period - Mikko Koivu wins face-off versus Tyler Seguin in Capitals zone.
12:27 of 1st period - Slapshot by Tobias Enstrom.
12:27 of 1st period - Stopped by Tuukka Rask without a rebound.
12:28 of 1st period - Tyler Seguin wins face-off versus Ryan Nugent-Hopkins in Capitals zone.
12:53 of 1st period - Brent Seabrook is hit by Marian Hossa and loses puck.
13:18 of 1st period - Wrist shot by Mikko Koivu.
13:18 of 1st period - Shot Hit the Post.
13:40 of 1st period - Snap shot by Tyler Bozak.
13:40 of 1st period - Stopped by Tuukka Rask with a rebound.
13:59 of 1st period - Off-side.
14:00 of 1st period - Tyler Seguin wins face-off versus Joe Thornton in neutral zone.
14:33 of 1st period - Wrist shot by Ryan Johansen.
14:33 of 1st period - Stopped by Tuukka Rask with a rebound.
15:21 of 1st period - Slapshot by Pernell Karl Subban.
15:21 of 1st period - Stopped by Tuukka Rask without a rebound.
15:22 of 1st period - Ondrej Palat wins face-off versus Viktor Arvidsson in Capitals zone.
15:31 of 1st period - Wrist shot by Johnny Gaudreau.
15:31 of 1st period - Shot Misses the Net.
15:33 of 1st period - Wrist shot by Johnny Gaudreau.
15:33 of 1st period - Goal by Johnny Gaudreau - Capitals : 2 - Devils : 2.
15:34 of 1st period - Tyler Seguin wins face-off versus Joe Thornton in neutral zone.
16:23 of 1st period - Slapshot by Kevin Porter.
16:23 of 1st period - Shot Misses the Net.
16:30 of 1st period - Off-side.
16:31 of 1st period - Tyler Seguin wins face-off versus Joe Thornton in neutral zone.
16:40 of 1st period - Backhand shot by Tyler Seguin.
16:40 of 1st period - Shot Blocked by Thomas Vanek.
17:03 of 1st period - Snap shot by Ryan Getzlaf.
17:03 of 1st period - Stopped by John Gibson without a rebound.
17:04 of 1st period - Ryan Getzlaf wins face-off versus Ryan Johansen in Devils zone.
17:13 of 1st period - Snap shot by Gabriel Landeskog.
17:13 of 1st period - Stopped by Tuukka Rask with a rebound.
17:15 of 1st period - Slapshot by Tobias Enstrom.
17:15 of 1st period - Deflect By Ryan Johansen.
17:15 of 1st period - Stopped by Tuukka Rask with a rebound.
17:37 of 1st period - Wrist shot by Thomas Vanek.
17:37 of 1st period - Deflect By Joe Thornton.
17:37 of 1st period - Shot Misses the Net.
17:37 of 1st period - Puck is out of play.
17:38 of 1st period - Tyler Seguin wins face-off versus Joe Thornton in Devils zone.
17:47 of 1st period - Slapshot by Thomas Vanek.
17:47 of 1st period - Stopped by John Gibson without a rebound.
17:48 of 1st period - Joe Thornton wins face-off versus Tyler Seguin in Devils zone.
17:55 of 1st period - Wrist shot by Jason Pominville.
17:55 of 1st period - Stopped by John Gibson with a rebound.
18:08 of 1st period - Off-side.
18:09 of 1st period - Mikko Koivu wins face-off versus Ryan Johansen in neutral zone.
18:44 of 1st period - Slapshot by Brent Burns.
18:44 of 1st period - Stopped by John Gibson with a rebound.
19:00 of 1st period - Slapshot by Shea Weber.
19:00 of 1st period - Stopped by Tuukka Rask with a rebound.
Goals for this period are 2 for Capitals vs 2 for Devils.
Shots for this period are 12 for Capitals vs 18 for Devils.

2nd period


0:01 of 2nd period - Tyler Seguin wins face-off versus Joe Thornton in neutral zone.
0:32 of 2nd period - Off-side.
0:33 of 2nd period - Ryan Getzlaf wins face-off versus Ryan Johansen in neutral zone.
0:44 of 2nd period - Snap shot by Joe Pavelski.
0:44 of 2nd period - Shot Misses the Net.
1:04 of 2nd period - Snap shot by Justin Faulk.
1:04 of 2nd period - Stopped by John Gibson with a rebound.
1:24 of 2nd period - Slapshot by Tobias Enstrom.
1:24 of 2nd period - Stopped by Tuukka Rask without a rebound.
1:25 of 2nd period - Kevin Porter wins face-off versus Mikko Koivu in Capitals zone.
1:35 of 2nd period - Off-side.
1:36 of 2nd period - Joe Thornton wins face-off versus Tyler Seguin in neutral zone.
2:06 of 2nd period - Snap shot by Blake Wheeler.
2:06 of 2nd period - Stopped by John Gibson with a rebound.
2:10 of 2nd period - Wrist shot by Brent Burns.
2:10 of 2nd period - Shot Blocked by Travis Hamonic.
2:12 of 2nd period - Slapshot by Brent Burns.
2:12 of 2nd period - Deflect By Brady Skjei.
2:12 of 2nd period - Goal by Brent Burns - Capitals : 3 - Devils : 2.
2:13 of 2nd period - Tyler Seguin wins face-off versus Joe Thornton in neutral zone.
2:55 of 2nd period - Travis Hamonic is hit by Ondrej Palat and loses puck.
4:08 of 2nd period - Slapshot by Brent Seabrook.
4:08 of 2nd period - Shot Blocked by Johnny Gaudreau.
4:30 of 2nd period - Snap shot by Tyler Seguin.
4:30 of 2nd period - Deflect By Johnny Gaudreau.
4:30 of 2nd period - Stopped by Tuukka Rask without a rebound.
4:31 of 2nd period - Joe Pavelski wins face-off versus Ryan Johansen in Capitals zone.
4:46 of 2nd period - Brent Seabrook is hit by Ryan Johansen and loses puck.
5:06 of 2nd period - Slapshot by Mikko Koivu.
5:06 of 2nd period - Stopped by John Gibson with a rebound.
5:08 of 2nd period - Snap shot by Jeff Skinner.
5:08 of 2nd period - Stopped by John Gibson without a rebound.
5:09 of 2nd period - Joe Thornton wins face-off versus Marian Hossa in Devils zone.
5:16 of 2nd period - Wrist shot by Joe Thornton.
5:16 of 2nd period - Shot Misses the Net.
5:18 of 2nd period - Slapshot by Josh Manson.
5:18 of 2nd period - Stopped by John Gibson with a rebound.
7:16 of 2nd period - Slapshot by Marian Hossa.
7:16 of 2nd period - Stopped by Tuukka Rask without a rebound.
7:17 of 2nd period - Mikko Koivu wins face-off versus Ryan Johansen in Capitals zone.
7:24 of 2nd period - Slapshot by Brent Seabrook.
7:24 of 2nd period - Stopped by John Gibson without a rebound.
7:25 of 2nd period - Mikko Koivu wins face-off versus Tyler Seguin in Devils zone.
7:32 of 2nd period - Slapshot by Jeff Skinner.
7:32 of 2nd period - Shot Misses the Net.
7:34 of 2nd period - Wrist shot by Mikko Koivu.
7:34 of 2nd period - Shot Blocked by Johnny Gaudreau.
7:36 of 2nd period - Slapshot by Brent Burns.
7:36 of 2nd period - Stopped by John Gibson with a rebound.
7:42 of 2nd period - Wrist shot by Jeff Skinner.
7:42 of 2nd period - Stopped by John Gibson with a rebound.
8:22 of 2nd period - Snap shot by Blake Wheeler.
8:22 of 2nd period - Stopped by John Gibson without a rebound.
8:23 of 2nd period - Joe Thornton wins face-off versus Ryan Johansen in Devils zone.
8:28 of 2nd period - Wrist shot by Thomas Vanek.
8:28 of 2nd period - Stopped by John Gibson without a rebound.
8:29 of 2nd period - Ryan Johansen wins face-off versus Joe Thornton in Devils zone.
10:16 of 2nd period - Off-side.
10:17 of 2nd period - Ryan Johansen wins face-off versus Joe Thornton in neutral zone.
10:45 of 2nd period - Minor Penalty to Johnny Gaudreau for Tripping.
10:46 of 2nd period - Tyler Seguin wins face-off versus Joe Thornton in Devils zone.
11:58 of 2nd period - Ryan Getzlaf is hit by Ladislav Smid and loses puck.
12:45 of 2nd period - Penalty to Johnny Gaudreau is over, Johnny Gaudreau is back on ice.
14:09 of 2nd period - Minor Penalty to Mikko Koivu for Roughing.
14:10 of 2nd period - Joe Thornton wins face-off versus Tyler Seguin in Capitals zone.
14:35 of 2nd period - Anthony Stewart is hit by Jason Pominville and loses puck.
14:50 of 2nd period - Snap shot by Brent Seabrook.
14:50 of 2nd period - Shot Blocked by Shea Weber.
16:09 of 2nd period - Penalty to Mikko Koivu is over, Mikko Koivu is back on ice.
16:18 of 2nd period - Slapshot by Brady Skjei.
16:18 of 2nd period - Stopped by Tuukka Rask with a rebound.
16:20 of 2nd period - Slapshot by Brady Skjei.
16:20 of 2nd period - Shot Blocked by Josh Manson.
16:22 of 2nd period - Wrist shot by Kevin Porter.
16:22 of 2nd period - Shot Misses the Net.
16:24 of 2nd period - Snap shot by Gabriel Landeskog.
16:24 of 2nd period - Stopped by Tuukka Rask without a rebound.
16:25 of 2nd period - Ryan Getzlaf wins face-off versus Kevin Porter in Capitals zone.
17:32 of 2nd period - Snap shot by Thomas Vanek.
17:32 of 2nd period - Stopped by John Gibson without a rebound.
17:33 of 2nd period - Ryan Johansen wins face-off versus Ryan Getzlaf in Devils zone.
17:33 of 2nd period - Ryan Johansen is hit by Brent Seabrook.
18:03 of 2nd period - Wrist shot by Blake Wheeler.
18:03 of 2nd period - Shot Blocked by Brady Skjei.
18:12 of 2nd period - Off-side.
18:13 of 2nd period - Tyler Seguin wins face-off versus Joe Thornton in neutral zone.
18:26 of 2nd period - Backhand shot by Thomas Vanek.
18:26 of 2nd period - Stopped by John Gibson with a rebound.
18:28 of 2nd period - Snap shot by Joe Thornton.
18:28 of 2nd period - Deflect By Thomas Vanek.
18:28 of 2nd period - Shot Misses the Net.
18:28 of 2nd period - Puck is out of play.
18:29 of 2nd period - Ryan Getzlaf wins face-off versus Kevin Porter in Devils zone.
19:02 of 2nd period - Wrist shot by Thomas Vanek.
19:02 of 2nd period - Stopped by John Gibson without a rebound.
19:03 of 2nd period - Joe Thornton wins face-off versus Viktor Arvidsson in Devils zone.
Goals for this period are 1 for Capitals vs 0 for Devils.
Shots for this period are 14 for Capitals vs 5 for Devils.

3rd period


0:01 of 3rd period - Joe Thornton wins face-off versus Tyler Seguin in neutral zone.
0:04 of 3rd period - Viktor Arvidsson is hit by Brent Burns and loses puck.
0:15 of 3rd period - Slapshot by Viktor Arvidsson.
0:15 of 3rd period - Shot Blocked by Brent Burns.
0:17 of 3rd period - Slapshot by Tobias Enstrom.
0:17 of 3rd period - Stopped by Tuukka Rask with a rebound.
1:04 of 3rd period - Icing by Mikko Koivu.
1:05 of 3rd period - Blake Wheeler wins face-off versus Tyler Bozak in Capitals zone.
1:20 of 3rd period - Snap shot by Joe Thornton.
1:20 of 3rd period - Stopped by John Gibson without a rebound.
1:21 of 3rd period - Tyler Seguin wins face-off versus Ryan Getzlaf in Devils zone.
2:18 of 3rd period - Snap shot by Kevin Porter.
2:18 of 3rd period - Stopped by Tuukka Rask without a rebound.
2:19 of 3rd period - Tyler Seguin wins face-off versus Joe Thornton in Capitals zone.
2:22 of 3rd period - Wrist shot by Johnny Gaudreau.
2:22 of 3rd period - Goal by Johnny Gaudreau - Capitals : 3 - Devils : 3.
2:23 of 3rd period - Joe Thornton wins face-off versus Tyler Seguin in neutral zone.
2:28 of 3rd period - Slapshot by Joe Thornton.
2:28 of 3rd period - Stopped by John Gibson with a rebound.
2:37 of 3rd period - Wrist shot by Viktor Arvidsson.
2:37 of 3rd period - Shot Blocked by Jason Pominville.
3:12 of 3rd period - Slapshot by Ryan Suter.
3:12 of 3rd period - Deflect By Ryan Johansen.
3:12 of 3rd period - Stopped by John Gibson without a rebound.
3:13 of 3rd period - Ryan Johansen wins face-off versus Joe Pavelski in Devils zone.
3:30 of 3rd period - Snap shot by Gabriel Landeskog.
3:30 of 3rd period - Shot Blocked by Josh Manson.
3:32 of 3rd period - Backhand shot by Marian Hossa.
3:32 of 3rd period - Stopped by Tuukka Rask without a rebound.
3:33 of 3rd period - Tyler Seguin wins face-off versus Mikko Koivu in Capitals zone.
3:36 of 3rd period - Slapshot by Johnny Gaudreau.
3:36 of 3rd period - Stopped by Tuukka Rask with a rebound.
4:00 of 3rd period - Tyler Seguin is hit by Ondrej Palat.
4:04 of 3rd period - Wrist shot by Travis Hamonic.
4:04 of 3rd period - Shot Misses the Net.
4:12 of 3rd period - Wrist shot by Viktor Arvidsson.
4:12 of 3rd period - Shot Misses the Net.
4:39 of 3rd period - Off-side.
4:40 of 3rd period - Ryan Johansen wins face-off versus Mikko Koivu in neutral zone.
4:51 of 3rd period - Snap shot by Blake Wheeler.
4:51 of 3rd period - Shot Blocked by Tobias Enstrom.
4:53 of 3rd period - Snap shot by Blake Wheeler.
4:53 of 3rd period - Stopped by John Gibson without a rebound.
4:54 of 3rd period - Ryan Johansen wins face-off versus Joe Thornton in Devils zone.
5:18 of 3rd period - Icing by Thomas Vanek.
5:19 of 3rd period - Kevin Porter wins face-off versus Ryan Getzlaf in Capitals zone.
5:38 of 3rd period - Minor Penalty to Ladislav Smid for Delaying the game.
5:39 of 3rd period - Joe Thornton wins face-off versus Tyler Seguin in Devils zone.
5:55 of 3rd period - Wrist shot by Joe Thornton.
5:55 of 3rd period - Shot Blocked by Shea Weber.
6:59 of 3rd period - Joe Pavelski is hit by Kevin Porter and loses puck.
7:36 of 3rd period - Justin Faulk is hit by Shea Weber.
7:38 of 3rd period - Penalty to Ladislav Smid is over, Ladislav Smid is back on ice.
7:46 of 3rd period - Mikko Koivu is hit by Rostislav Olesz and loses puck.
7:59 of 3rd period - Slapshot by Rostislav Olesz.
7:59 of 3rd period - Shot Misses the Net.
8:28 of 3rd period - Minor Penalty to Ondrej Palat for Roughing.
8:29 of 3rd period - Joe Thornton wins face-off versus Tyler Seguin in Capitals zone.
8:40 of 3rd period - Slapshot by Brady Skjei.
8:40 of 3rd period - Shot Blocked by Justin Faulk.
8:42 of 3rd period - Slapshot by Brady Skjei.
8:42 of 3rd period - Shot Blocked by Joe Thornton.
8:44 of 3rd period - Wrist shot by Tyler Seguin.
8:44 of 3rd period - Devils goal is going for a video replay.
8:44 of 3rd period - The goal is good.
8:44 of 3rd period - Goal by Tyler Seguin - Capitals : 3 - Devils : 4.
8:45 of 3rd period - Tyler Seguin wins face-off versus Joe Thornton in neutral zone.
8:59 of 3rd period - Icing by Johnny Gaudreau.
9:00 of 3rd period - Tyler Seguin wins face-off versus Joe Thornton in Devils zone.
9:04 of 3rd period - Minor Penalty to Brent Burns for Elbowing.
9:05 of 3rd period - Tyler Seguin wins face-off versus Joe Thornton in Capitals zone.
9:31 of 3rd period - Jason Pominville is hit by Anthony Stewart and loses puck.
11:04 of 3rd period - Penalty to Brent Burns is over, Brent Burns is back on ice.
11:20 of 3rd period - Wrist shot by Gabriel Landeskog.
11:20 of 3rd period - Shot Misses the Net.
11:22 of 3rd period - Snap shot by Jordan Caron.
11:22 of 3rd period - Shot Misses the Net.
11:24 of 3rd period - Wrist shot by Gabriel Landeskog.
11:24 of 3rd period - Deflect By Kevin Porter.
11:24 of 3rd period - Stopped by Tuukka Rask with a rebound.
11:39 of 3rd period - Brian McGrattan is hit by Travis Hamonic and loses puck.
12:10 of 3rd period - Travis Hamonic is hit by Brent Seabrook and loses puck.
12:52 of 3rd period - Ryan Johansen is hit by Blake Wheeler and loses puck.
13:12 of 3rd period - Brent Burns is hit by Jordan Caron and loses puck.
13:47 of 3rd period - Ladislav Smid is hit by Jason Pominville and loses puck.
15:20 of 3rd period - Ryan Getzlaf is hit by Viktor Arvidsson and loses puck.
15:38 of 3rd period - Brent Burns is hit by Tobias Enstrom and loses puck.
15:59 of 3rd period - Icing by Josh Manson.
16:00 of 3rd period - Mikko Koivu wins face-off versus Kevin Porter in Capitals zone.
16:05 of 3rd period - Slapshot by Nick Leddy.
16:05 of 3rd period - Stopped by John Gibson without a rebound.
16:06 of 3rd period - Joe Thornton wins face-off versus Kevin Porter in Devils zone.
16:38 of 3rd period - Wrist shot by Joe Pavelski.
16:38 of 3rd period - Stopped by John Gibson without a rebound.
16:39 of 3rd period - Tyler Seguin wins face-off versus Ryan Getzlaf in Devils zone.
16:39 of 3rd period - Tyler Seguin is hit by Ondrej Palat.
16:55 of 3rd period - Wrist shot by Joe Pavelski.
16:55 of 3rd period - Shot Misses the Net.
17:24 of 3rd period - Snap shot by Mikko Koivu.
17:24 of 3rd period - Shot Blocked by Travis Hamonic.
18:10 of 3rd period - Wrist shot by Johnny Gaudreau.
18:10 of 3rd period - Stopped by Tuukka Rask without a rebound.
18:11 of 3rd period - Joe Thornton wins face-off versus Kevin Porter in Capitals zone.
18:36 of 3rd period - Brent Seabrook is hit by Shea Weber and loses puck.
19:15 of 3rd period - Capitals, Tuukka Rask is pulled from the net.
19:43 of 3rd period - Slapshot by Thomas Vanek.
19:43 of 3rd period - Shot Misses the Net.
19:57 of 3rd period - Slapshot by Justin Faulk.
19:57 of 3rd period - Stopped by John Gibson without a rebound.
19:58 of 3rd period - Jon Cooper call a timeout for Capitals.
19:58 of 3rd period - Tyler Seguin wins face-off versus Joe Thornton in Devils zone.
Goals for this period are 0 for Capitals vs 2 for Devils.
Shots for this period are 7 for Capitals vs 8 for Devils.